 Dungeon Crawl Stone Soup version 0.30.0-30-g96aa6591b8 (webtiles) character file.

Game seed: 2683708003588996550

1132 Ayven the Covered (level 8, -1/65 (69) HPs)
             Began as a Minotaur Fighter on June 28, 2023.
             Was a Believer of Trog.
             Slain by a wight
             ... wielding a +0 mace
              (7 damage)
             ... on level 6 of the Dungeon.
             The game lasted 00:20:04 (4624 turns).

Ayven the Covered (Minotaur Fighter)                Turns: 4624, Time: 00:20:05

HP:   -1/65 (69)    AC:  6    Str: 21    XL:     8   Next: 13%
MP:   7/7           EV: 11    Int:  5    God:    Trog [**....]
Gold: 322           SH:  6    Dex: 12    Spells: 7/7 levels left

rFire   . . .        f - +2 whip (freeze)
rCold   . . .        c - +1 buckler
rNeg    . . .        d - +0 steam dragon scales
rPois   .            (helmet restricted)
rElec   .            (no cloak)
rCorr   .            (no gloves)
SInv    .            (no boots)
Will    .....        (no amulet)
Stlth   +            (no ring)
HPRegen 0.30/turn    (no ring)
MPRegen 0.10/turn

%: no passive effects
@: about to teleport, on berserk cooldown, slowed, drained, very slow
A: horns 2, retaliatory headbutt
a: Renounce Religion, Berserk, Trog's Hand


You were on level 6 of the Dungeon.
You worshipped Trog.
Trog was pleased with you.
You visited 1 branch of the dungeon, and saw 6 of its levels.

You collected 322 gold pieces.

Inventory:

Hand Weapons
 a - a +1 long sword
 f - a +2 whip of freezing (weapon)
Armour
 c - a +1 buckler (worn)
 d - +0 steam dragon scales (worn)
 p - a +0 helmet
Magical Staves
 k - a staff of earth
Scrolls
 g - 2 scrolls of torment
 h - 3 scrolls of identify
 i - a scroll of blinking
Potions
 e - a potion of attraction
 m - a potion of lignification
 o - 2 potions of ambrosia


   Skills:
 + Level 5.5 Fighting
 * Level 6.4 Long Blades
 - Level 1.5 Maces & Flails
 + Level 7.8 Armour
 - Level 0.5 Dodging
 - Level 0.8 Stealth
 + Level 6.0 Shields


You had 7 spell levels left.
You didn't know any spells.
Your spell library contained the following spells:

 Spells                   Type           Power      Damage    Failure   Level
 Lesser Beckoning         Tloc           0%         N/A       67%         2
 Gell's Gravitas          Tloc           0%         N/A       88%         3
 Teleport Other           Tloc           0%         N/A       88%         3


Dungeon Overview and Level Annotations

Branches:
Dungeon (6/15)             Temple (0/1) D:4

Altars:
Ru
Trog

Shops:
D:5 :


Innate Abilities, Weirdness & Mutations

You have a pair of horns on your head.
You reflexively headbutt those who attack you in melee.


Message History

You miss something. Your headbutt misses something.
You hear some strange, mumbled words.
A puff of flame appears from out of thin air!
The puff of flame hits you!
You miss something.
You hear some strange, mumbled words.
A magic dart appears from out of thin air!
The magic dart hits you.
You hit something. You freeze something. Trog accepts your kill.
Trog appreciates your killing of a magic user.
Reactivating autopickup.
You feel a bit more experienced.
You feel a strong urge to attack something.
You are no longer berserk.
You are exhausted.
You feel yourself slow down. The wight barely misses you.
Things that are here:
a +0 short sword; a +0 chain mail; an orc corpse You barely miss the wight.
The wight hits you with a +0 great sword!
You feel drained.
You closely miss the wight.
You headbutt the wight, but do no damage.
The wight hits you with a +0 great sword!
You feel drained.
The wight hits you with a +0 great sword.
You block the wight's attack. The wight attacks as you move away!
The wight barely misses you. You furiously retaliate!
You headbutt the wight!
The wight hits you with a +0 great sword!
* * * LOW HITPOINT WARNING * * *
The wight attacks as you move away! The wight hits you with a +0 mace!
* * * LOW HITPOINT WARNING * * *
The wight attacks as you move away! You block the wight's attack.
There is an open door here.
As you read the scroll of teleportation, it crumbles to dust.
You feel strangely unstable. The wight closely misses you.
The wight hits you with a +0 mace!
You die...

..[..## #####
....h.. #...#
#..... #...#
#..... #...#
#...S. #...#
#...$. #...#
.#.?...###..z#####
.......))..oz@.[>#
.#.....###...###)#
# ###### #####
#.##.# #....#
#.#### #.# #.# #.#
######.###


You could see 2 wights and an orc.

Vanquished Creatures
  A steam dragon (D:6)
  Menkaure (D:5)
  An orc warrior (D:6)
  A black bear (D:6)
  A centaur (D:5)
  2 scorpions (D:5)
  4 hounds
  2 orc priests (D:6)
  2 iguanas (D:4)
  6 orc wizards
  3 gnolls (D:2)
  3 adders
  An ufetubus (D:5)
  A worm (D:2)
  3 dart slugs
  9 orcs
  9 bats
  5 endoplasms
  3 giant cockroaches
  5 goblins
  6 hobgoblins
  A jackal (D:4)
  2 quokkas (D:1)
  9 ball pythons
  8 frilled lizards
  8 kobolds
  7 rats
104 creatures vanquished.

Notes
Turn   | Place    | Note
-------+----------+-------------------------------------------
     0 | D:1      | Ayven the Minotaur Fighter began the quest for the Orb.
     0 | D:1      | Reached XP level 1. HP: 19/19 MP: 0/0
   172 | D:1      | Reached XP level 2. HP: 26/27 MP: 1/1
   312 | D:1      | Reached skill level 4 in Armour
   686 | D:2      | Reached XP level 3. HP: 33/33 MP: 2/2
   792 | D:2      | Found a bloodstained altar of Trog.
   817 | D:2      | Became a worshipper of Trog the Wrathful
  1419 | D:3      | Reached XP level 4. HP: 9/40 MP: 3/3
  2074 | D:3      | Found a sacrificial altar of Ru.
  2171 | D:3      | Reached * piety under Trog
  2816 | D:4      | Reached skill level 5 in Armour
  2816 | D:4      | Reached XP level 5. HP: 46/46 MP: 4/4
  2885 | D:4      | Reached skill level 1 in Maces & Flails
  3076 | D:4      | Found a staircase to the Ecumenical Temple.
  3567 | D:5      | Entered Level 5 of the Dungeon
  3618 | D:5      | Noticed a centaur
  3729 | D:5      | Found Dahavalu's Vocational Training.
  3737 | D:5      | Reached XP level 6. HP: 51/53 MP: 5/5
  3836 | D:5      | Noticed Menkaure
  3846 | D:5      | Killed Menkaure
  3847 | D:5      | Reached skill level 5 in Long Blades
  3847 | D:5      | Reached skill level 6 in Armour
  3849 | D:5      | Reached skill level 5 in Shields
  3859 | D:5      | Reached XP level 7. HP: 30/60 MP: 6/6
  4263 | D:5      | Reached skill level 5 in Fighting
  4444 | D:6      | Reached skill level 7 in Armour
  4448 | D:6      | Reached ** piety under Trog
  4476 | D:6      | Noticed a steam dragon
  4485 | D:6      | Killed a steam dragon
  4605 | D:6      | Reached XP level 8. HP: 69/69 MP: 7/7
  4624 | D:6      | Slain by a wight

Illustrated notes

Levels and vault maps discovered:
D:1:      dpeg_arrival_arbitrary_c, layout_basic, st_stairs_6
D:2:      layout_loops_ring, basic_altar, kennysheep_small_spiral
D:3:      layout_basic, nicolae_ru_sacrificial_ziggurat, st_stairs_8,
          amcnicky_mini_corridor_feature
D:4:      layout_cave_pools, minmay_temple_entry_drinking_statues, st_stairs_10,
          corexii_shack
D:5:      layout_basic, nicolae_shop_vocational, uniq_menkaure
D:6:      layout_basic, grunt_gozag_statues

Skill      XL: |  1  2  3  4  5  6  7  8 |
---------------+-------------------------+-----
Shields        | 4 5 6 |  6.0
Armour         | 4 5 6 7 |  7.8
Fighting       | 4 5 |  5.5
Long Blades    | 3 4 5 6 |  6.4
Maces & Flails | 1 |  1.5
Dodging        | |  0.5
Stealth        | |  0.8

Action                     |  1- 3 |  4- 6 |  7- 9 || total
---------------------------+-------+-------+-------++-------
  Melee: Long sword        |   105 |     3 |       ||   108
         Headbutt          |    12 |    15 |     4 ||    31
         Whip              |       |    94 |    57 ||   151
 Invoke: Berserk           |       |       |     2 ||     2
    Use: Scroll            |     8 |     7 |     1 ||    16
         Potion            |     1 |     5 |     1 ||     7
 Armour: Scale mail        |    70 |    35 |    14 ||   119
         Steam dragon scal |       |       |     5 ||     5
  Dodge: Dodged            |    76 |    46 |    16 ||   138
  Block: Buckler           |    33 |    29 |    17 ||    79
